 Dungeon Crawl Stone Soup version 0.32-a0-422-g28b100f618 (webtiles) character file.

Game seed: 15894722519872227739

327 cforsyth the Slasher (level 6, -4/72 HPs)
             Began as a Coglin Gladiator on Feb 21, 2024.
             Incinerated by a bombardier beetle (6 damage)
             ... with a burning spray
             ... on level 4 of the Dungeon.
             The game lasted 00:05:13 (3032 turns).

cforsyth the Slasher (Coglin Gladiator)             Turns: 3032, Time: 00:05:13

Health: -4/72      AC: 23    Str: 13 (15) XL:     6   Next: 50%
Magic:  6/6        EV:  2    Int:  6 (7)  God:
Gold:   170        SH:  0    Dex: 15 (17) Spells: 5/5 levels left

rFire   . . .        a - +0 long sword {Jia}
rCold   . . .        (no shield)
rNeg    . . .        b - melded +0 leather armour
rPois   +            c - melded +0 helmet
rElec   .            (cloak currently unavailable)
rCorr   .            (gloves currently unavailable)
SInv    +            (boots currently unavailable)
Will    .....        (no amulet)
Stlth   +            v - ring of see invisible
HPRegen 0.32/turn    (no ring)
MPRegen 0.10/turn

%: no passive effects
@: confused, mighty, brilliant, on fire, tree-form, glowing, revved
A: stationary, stasis, torment immunity, boosted hp, off-hand wielding, slow
wielding, warmup strikes, (legs shutdown), (shaggy fur 1)
a: no special abilities


You were on level 4 of the Dungeon.
You were a tree.
You visited 1 branch of the dungeon, and saw 4 of its levels.

You collected 170 gold pieces.


Innate Abilities, Weirdness & Mutations

You are a tree.
Your roots penetrate the ground, keeping you stationary.
You cannot be teleported.
You are immune to unholy pain and torment.
Your maximum health is greatly increased.
Your equipment is partially melded.
You can wield a second weapon in your off-hand.
It takes a long time for you to wield or remove held weapons.
Your first few attacks do less damage.
((Attacking and casting redirects power from your legs.))
((You are covered in fur. (AC +1)))


   Skills:
 + Level 4.1 Fighting
 + Level 4.7 Long Blades
 - Level 1.7 Throwing
 + Level 3.1 Armour
 - Level 2.6 Dodging


You had 5 spell levels left.
You didn't know any spells.
Your spell library contained the following spells:

 Spells                   Type           Power      Damage    Failure   Level
 Mercury Vapours          Alch/Air       0%         N/A       58%         2
 Mephitic Cloud           Conj/Alch/Air  0%         N/A       83%         3
 Freezing Cloud           Conj/Ice/Air   0%         6-21      100%        5

Inventory:

Hand Weapons
 a - a +0 long sword (weapon) {Jia}
Missiles
 d - 3 throwing nets (quivered) {=f}
 e - a javelin
Armour
 b - a +0 leather armour (melded)
 c - a +0 helmet (melded)
 h - a +2 hat
Magical Staves
 g - a staff of air {!a}
Jewellery
 v - a ring of see invisible (left branch)
Wands
 l - a wand of iceblast (8)
Scrolls
 f - 5 scrolls of identify {unknown}
 i - a scroll of acquirement {unknown}
 m - 2 scrolls of teleportation {unknown}
 q - 2 scrolls of enchant armour {unknown}
 s - a scroll of amnesia {unknown}
Potions
 k - 2 potions of brilliance
 n - a potion of lignification
 o - a potion of enlightenment

Dungeon Overview and Level Annotations

Branches:
Dungeon (4/15)             Temple (0/1) D:4

Altars:
Qazlal
Uskayaw

###########.
######..........[
#>......oo......(
#.....o♣r......
#.....#########
##.#..##################
#......................
.....##.######.....#######
.~§§. #.# #.....# #[..
~§§~ #.# ####### #... §§~§
#.. #... §§> ... #...


You could see 2 orc wizards, an orc and a quokka.


Message History

* * * LOW HITPOINT WARNING * * *
The orc hits you but does no damage.
The orc wizard gestures at you while chanting.
You are confused.
The quokka bites you but does no damage.
The orc wizard hits you but does no damage.
The orc hits you with a +0 flail.
* * * LOW HITPOINT WARNING * * *
Unknown command.
Unknown command.
You slash the orc wizard!
The orc wizard is heavily wounded.
The liquid fire burns you!
* * * LOW HITPOINT WARNING * * *
The quokka bites you but does no damage.
The orc wizard hits you but does no damage. x2
The orc hits you but does no damage.
The quokka bites you but does no damage.
It was a potion of might.
You feel very mighty all of a sudden. The liquid fire burns you!
* * * LOW HITPOINT WARNING * * *
The orc wizard hits you but does no damage. x2
The orc hits you with a +0 flail.
* * * LOW HITPOINT WARNING * * *
The quokka bites you but does no damage.
It was a potion of degeneration.
There was something very wrong with that liquid.
You feel weakened.
You feel dopey.
You feel clumsy. The liquid fire burns you!
You die...

Skill      XL: |  1  2  3  4  5  6 |
---------------+-------------------+-----
Armour         | 1 2 3 |  3.1
Fighting       | 3 4 |  4.1
Long Blades    | 4 |  4.7
Throwing       | |  1.7
Dodging        | |  2.6

Action                     |  1- 3 |  4- 6 || total
---------------------------+-------+-------++-------
  Melee: Long sword        |    83 |   246 ||   329
    Use: Potion            |       |     7 ||     7
   Stab: Sleeping          |       |     2 ||     2
 Armour: Leather armour    |    63 |   165 ||   228
         Skin              |       |    33 ||    33
  Dodge: Dodged            |    90 |   167 ||   257

Levels and vault maps discovered:
D:1:      minmay_arrival_four_houses, layout_rooms,
          ebering_ecumenical_altar_mist
D:2:      layout_basic, chequers_jeans, minmay_increasing_density
D:3:      layout_basic, minitemple, wad_orctagon, uniq_robin
D:4:      layout_basic, minmay_temple_entry_mist

Notes
Turn   | Place    | Note
-------+----------+-------------------------------------------
     0 | D:1      | cforsyth the Coglin Gladiator began the quest for the Orb.
     0 | D:1      | Reached XP level 1. HP: 16/16 MP: 1/1
    53 | D:1      | Reached XP level 2. HP: 16/22 MP: 2/2
   177 | D:1      | Reached skill level 1 in Armour
   332 | D:1      | Found a faded altar of an unknown god.
   422 | D:2      | Reached XP level 3. HP: 25/28 MP: 3/3
   833 | D:2      | Reached XP level 4. HP: 30/34 MP: 4/4
   900 | D:2      | Reached skill level 3 in Fighting
  1192 | D:3      | Reached skill level 2 in Armour
  1394 | D:3      | Reached XP level 5. HP: 29/41 MP: 5/5
  1461 | D:3      | Reached skill level 4 in Long Blades
  1615 | D:3      | Found a hide-covered altar of Uskayaw.
  1622 | D:3      | HP: 1/41 [orc priest/divine providence (9)]
  1905 | D:3      | Found a stormy altar of Qazlal.
  2348 | D:3      | Noticed Robin
  2368 | D:3      | Killed Robin
  2410 | D:3      | Reached XP level 6. HP: 26/48 MP: 6/6
  2676 | D:4      | Reached skill level 4 in Fighting
  2817 | D:4      | Reached skill level 3 in Armour
  3008 | D:4      | Found a staircase to the Ecumenical Temple.
  3024 | D:4      | Gained mutation: You are covered in fur. (AC +1) [potion of
                  | mutation]
  3031 | D:4      | HP: 7/72 [burnt (3)]
  3031 | D:4      | HP: 2/72 [orc/+0 flail (5)]
  3032 | D:4      | Incinerated by a bombardier beetle

Vanquished Creatures
  2 bombardier beetles (D:4)
  An orc priest (D:3)
  Robin (D:3)
  4 adders
  2 dart slugs
  3 ribbon worms
  16 orcs
  6 ball pythons
  9 endoplasms
  3 giant cockroaches
  15 goblins
  11 hobgoblins
  4 jackals (D:2)
  4 quokkas
  3 bats (D:2)
  A frilled lizard (D:3)
  3 kobolds
  6 rats
94 creatures vanquished.

Table legend: (Time is in decaauts)
 A = Elapsed time spent in this place.
 B = Non-inter-level travel time spent in this place.
 C = Inter-level travel time spent in this place.
 D = Time resting spent in this place.
 E = Time spent auto-exploring this place.
 F = Levels seen in this place.
 G = Mean time per level.
                   A        B        C        D        E       F      G
               +--------+--------+--------+--------+--------+-----+--------+
         Total |   3098 |   3046 |     52 |      0 |   2305 |   4 |  774.5 |
       Dungeon |   3098 |   3046 |     52 |      0 |   2305 |   4 |  774.5 |
               +--------+--------+--------+--------+--------+-----+--------+

Top non-repeatable levels by time:
     D:3: 1416 daAuts
     D:2: 761 daAuts
     D:4: 504 daAuts
     D:1: 416 daAuts

Table legend:
 A = Non-vault XP
 B = Vault XP
 C = Vault XP percentage of total XP
 D = Non-vault monster count
 E = Vault monster count
 F = Vault count percentage of total count
                 A         B        C        D         E       F
            +---------+---------+-------+---------+---------+-------
      Total |     384 |      84 |  17.9 |      70 |      24 |  25.5
            +---------+---------+-------+---------+---------+-------
        D:1 |      30 |       0 |   0.0 |      11 |       0 |   0.0
        D:2 |      66 |      21 |  24.1 |      17 |       8 |  32.0
        D:3 |     145 |      63 |  30.3 |      27 |      16 |  37.2
        D:4 |     143 |       0 |   0.0 |      15 |       0 |   0.0
            +---------+---------+-------+---------+---------+-------
